 Dungeon Crawl Stone Soup version 0.32-a0-473-gd044c6f0f0 (webtiles) character file.

Game seed: 8508968355265820115

280 CougarLife the Digger (level 6, 32/32 HPs)
             Began as a Gargoyle Earth Elementalist on Feb 25, 2024.
             Quit the game on level 4 of the Dungeon.
             The game lasted 00:03:38 (3999 turns).

CougarLife the Digger (Gargoyle Earth Elementalist) Turns: 3999, Time: 00:03:39

Health: 32/32      AC:  8    Str: 11    XL:     6   Next: 27%
Magic:  11/11      EV: 12    Int: 24    God:
Gold:   176        SH:  0    Dex: 16    Spells: 8/12 levels left

rFire   . . .        d - +0 dagger
rCold   . . .        (no shield)
rNeg    + . .        a - +0 robe
rPois   ∞            e - +0 helmet
rElec   +            (no cloak)
rCorr   .            (no gloves)
SInv    .            j - +0 pair of boots
Will    .....        (no amulet)
Stlth   ++           c - +6 ring of dexterity
HPRegen 0.25/turn    n - +6 ring of intelligence
MPRegen 0.12/turn

%: no passive effects
@: no status effects
A: sickness immunity, AC +4, negative energy resistance 1, electricity
resistance, torment resistance 1, petrification resistance
a: no special abilities


You were on level 4 of the Dungeon.
You visited 1 branch of the dungeon, and saw 4 of its levels.

You collected 176 gold pieces.

Inventory:

Hand Weapons
 d - a +0 dagger (weapon)
Armour
 a - a +0 robe (worn)
 e - a +0 helmet (worn)
 j - a +0 pair of boots (worn)
Jewellery
 c - a +6 ring of dexterity (left hand)
 n - a +6 ring of intelligence (right hand)
 r - a ring of protection from cold
 u - a ring of ice
Wands
 o - a wand of paralysis (8)
 w - a wand of iceblast (5)
Scrolls
 m - a scroll of vulnerability {unknown}
 s - 6 scrolls of identify {unknown}
 x - a scroll of teleportation {unknown}
 y - a scroll of revelation {unknown}
Potions
 b - 2 potions of magic
 f - 2 potions of heal wounds {unknown}
 g - a potion of might {unknown}
 h - a potion of invisibility {unknown}
 i - 2 potions of brilliance {unknown}
 k - a potion of curing {unknown}
 l - 4 potions of lignification {unknown}
 p - a potion of enlightenment {unknown}
 q - 2 potions of haste {unknown}
 t - a potion of cancellation {unknown}
 v - a potion of resistance {unknown}


   Skills:
 - Level 1.5 Dodging
 - Level 2.1 Stealth
 + Level 3.8 Spellcasting
 + Level 3.8 Conjurations
 + Level 5.4 Earth Magic


You had 8 spell levels left.
You knew the following spells:

 Your Spells              Type           Power      Damage    Failure   Level
a - Sandblast             Erth           60%        2d14      1%          1
b - Stone Arrow           Conj/Erth      54%        3d10      4%          3

Your spell library contained the following spells:

 Spells                   Type           Power      Damage    Failure   Level
 Passwall                 Erth           30%        N/A       3%          3
 Summon Small Mammal      Summ           16%        N/A       10%         1
 Brom's Barrelling Bould  Conj/Erth      27%        2d5       14%         4
 Call Canine Familiar     Summ           4%         N/A       30%         3
 Petrify                  Alch/Erth      17%        N/A       32%         4
 Iskenderun's Battlesphe  Conj           23%        2d8       50%         5
 Ignite Poison            Fire/Alch      4%         N/A       69%         4
 Sticky Flame             Fire/Alch      4%         2d4       69%         4
 Summon Blazeheart Golem  Fire/Summ      4%         N/A       69%         4
 Bombard                  Conj/Erth      13%        9d3       92%         6
 Spellforged Servitor     Conj/Summ      6%         N/A       100%        7
 Ignition                 Fire           2%         3d3       100%        8


Dungeon Overview and Level Annotations

Branches:
Dungeon (4/15)
 Temple: D:4-7

Altars:
Trog
Yredelemnul


Innate Abilities, Weirdness & Mutations

You are immune to sickness and miasma.
Your stone body is resilient. (AC +4)
You are immune to poison.
You resist negative energy. (rN+)
You are resistant to electric shocks. (rElec)
You are resistant to unholy torment.
You are immune to petrification.


Message History

You kill the adder!
You can't see any susceptible monsters within range! (Use Z to cast anyway.) No target in view!
You can't see any susceptible monsters within range! (Use Z to cast anyway.)
x - a scroll labelled LONUST IGGUKO
s - 6 scrolls labelled ILIPTO NIGIJE (gained 1)
An endoplasm comes into view.
An endoplasm is nearby!
The endoplasm jiggles.
The blast of sand hits the endoplasm!
You kill the endoplasm!
You can't see any susceptible monsters within range! (Use Z to cast anyway.)
There is a shaft here.
As you open the door, it creaks loudly!
No target in view!
There is an open door here.
Found a stone staircase leading down.
No target in view!
No target in view!
There is a stone staircase leading down here.
y - a scroll labelled OTSOUN RULU You see here a +0 scale mail.
You now have 176 gold pieces (gained 5).
You open the door.
Found a stone staircase leading down.
No target in view!
Things that are here:
a +0 dagger; a kobold skeleton You see here a +0 club.
You open the door.
There is an open door here.
There is an open door here.
There is an open door here.
There is a shaft here.
There is an open door here.
Done exploring.
Done exploring.
No target in view!
Done exploring.
Are you sure you want to abandon this character and quit the game? (Confirm with "yes".)

###################
#.@...............#
##.##############.#
#.# #.# #.# #.# #.#
#.# #.# #.# #.# #.#
#.# #.# #.# ###.#


There were no monsters in sight!

Vanquished Creatures
  2 orc priests (D:3)
  2 orc wizards (D:3)
  5 adders
  3 dart slugs (D:3)
  8 orcs
  12 ball pythons
  5 bats
  11 endoplasms
  8 giant cockroaches
  7 goblins
  7 hobgoblins
  11 jackals
  3 quokkas
  6 frilled lizards
  12 kobolds
  7 rats
109 creatures vanquished.

Notes
Turn   | Place    | Note
-------+----------+-------------------------------------------
     0 | D:1      | CougarLife the Gargoyle Earth Elementalist began the quest
                  | for the Orb.
     0 | D:1      | Reached XP level 1. HP: 10/10 MP: 3/3
   161 | D:1      | Reached XP level 2. HP: 14/15 MP: 0/5
   335 | D:1      | Reached skill level 4 in Earth Magic
   565 | D:1      | Reached XP level 3. HP: 19/19 MP: 4/6
  1557 | D:2      | Reached XP level 4. HP: 24/24 MP: 6/8
  2249 | D:3      | Found a bloodstained altar of Trog.
  2333 | D:3      | Reached XP level 5. HP: 28/28 MP: 6/9
  2518 | D:3      | Reached skill level 5 in Earth Magic
  2647 | D:3      | Learned a level 3 spell: Stone Arrow
  2769 | D:3      | Reached XP level 6. HP: 30/32 MP: 8/11
  2905 | D:3      | Found a faded altar of an unknown god.
  3025 | D:3      | Found a basalt altar of Yredelemnul.
  3999 | D:4      | Quit the game

Illustrated notes

Levels and vault maps discovered:
D:1:      lightli_molten_gateway, layout_basic
D:2:      layout_loops_cross, serial_bayou_lake_a
D:3:      minmay_general_purpose_star, layout_basic, mainiacjoe_overflow_paths,
          mainiacjoe_overflow_surrounded_room,
          hellmonk_ecumenical_altar_crossroads, grunt_decor_one_mirror,
          st_stairs_8, minmay_mini_jars
D:4:      layout_basic, st_stairs_11

Skill      XL: |  1  2  3  4  5 |
---------------+----------------+-----
Earth Magic    | 4 5 |  5.4
Conjurations   | 2 3 |  3.8
Spellcasting   | 3 |  3.8
Dodging        | |  1.5
Stealth        | |  2.1

Action                     |  1- 3 |  4- 6 || total
---------------------------+-------+-------++-------
  Melee: Unarmed           |     6 |       ||     6
         Dagger            |    29 |     5 ||    34
   Cast: Sandblast         |    53 |    88 ||   141
 Armour: Robe              |    91 |    31 ||   122
  Dodge: Dodged            |   108 |    21 ||   129

Table legend: (Time is in decaauts)
 A = Elapsed time spent in this place.
 B = Non-inter-level travel time spent in this place.
 C = Inter-level travel time spent in this place.
 D = Time resting spent in this place.
 E = Time spent auto-exploring this place.
 F = Levels seen in this place.
 G = Mean time per level.
                   A        B        C        D        E       F      G
               +--------+--------+--------+--------+--------+-----+--------+
         Total |   4098 |   3985 |    113 |    372 |   3014 |   4 | 1024.5 |
       Dungeon |   4098 |   3985 |    113 |    372 |   3014 |   4 | 1024.5 |
               +--------+--------+--------+--------+--------+-----+--------+

Top non-repeatable levels by time:
     D:3: 1282 daAuts
     D:1: 1019 daAuts
     D:2: 964 daAuts
     D:4: 832 daAuts
